 Dungeon Crawl Stone Soup version 0.25-a0-617-g20d90ebb82 (webtiles) character file.

Game seed: 6367706653507948398, levelgen mode: deterministic

66 Conn the Magician (level 4, 0/27 HPs)
             Began as an Octopode Wizard on Mar 18, 2020.
             Was an Initiate of Sif Muna.
             Slain by a hornet zombie (5 damage)
             ... on level 5 of the Dungeon.
             The game lasted 00:07:58 (1882 turns).

Conn the Magician (Octopode Wizard)                 Turns: 1882, Time: 00:07:59

Health: 0/27       AC: -1    Str: 10 (11) XL:     4   Next: 15%
Magic:  6/10       EV: 12    Int: 18 (20) God:    Sif Muna [......]
Gold:   74         SH:  5    Dex:  7 (10) Spells: 0/11 levels left

rFire    + . .     SeeInvis .   f - +1 dagger (drain)
rCold    . . .     Gourm    .   s - +3 buckler
rNeg     . . .     Faith    .   a - +0 hat
rPois    .         Spirit   .   l - amulet of rage
rElec    .         Reflect  .   m - ring of protection from fire
rCorr    .         Harm     .   n - +4 ring of strength
MR       .....                  w - -2 ring of protection (curse)
Stlth    +++.......             (no ring)
HPRegen  0.09/turn              (no ring)
MPRegen  0.12/turn              (no ring)
                                (no ring)
                                (no ring)

@: very slightly contaminated
A: almost no armour, stealthy swim, amphibious, 8 rings, constrict 8, camouflage
1, gelatinous body 1
a: Renounce Religion, Evoke Berserk Rage


You were on level 5 of the Dungeon.
You worshipped Sif Muna.
Sif Muna was noncommittal.
You were very hungry.

You visited 2 branches of the dungeon, and saw 5 of its levels.

You collected 74 gold pieces.

Inventory:

Hand Weapons
 d - a +1 hand axe of electrocution
 f - a +1 dagger of draining (weapon)
Missiles
 b - 37 bolts
 g - 29 poisoned darts
 h - 21 sling bullets
 o - 8 curare-tipped darts (quivered)
Armour
 a - a +0 hat (worn)
 s - a +3 buckler (worn)
Jewellery
 l - an amulet of rage (around mantle)
 m - a ring of protection from fire (left tentacle)
 n - a +4 ring of strength (right tentacle)
 w - a cursed -2 ring of protection (on tentacle)
Scrolls
 k - a scroll of teleportation
Potions
 e - a potion of lignification {unknown}
 i - a potion of curing {unknown}
 j - a potion of degeneration
 q - a potion of might {unknown}
 t - a potion of heal wounds {unknown}
Comestibles
 c - 4 rations


   Skills:
 * Level 0.1 Fighting
 + Level 0.1 Short Blades
 - Level 2.0 Dodging
 - Level 2.6 Stealth
 * Level 0.1 Shields
 + Level 4.4 Spellcasting
 * Level 1.2 Conjurations
 - Level 1.0 Summonings
 - Level 1.0 Translocations


You couldn't memorise any spells.
You knew the following spells:

 Your Spells              Type           Power        Failure   Level  Hunger
a - Magic Dart            Conj           #...         14%         1    None
b - Blink                 Tloc           N/A          22%         2    #......
c - Call Imp              Summ           #.......     22%         2    #......
d - Conjure Flame         Conj/Fire      #.......     45%         3    ###....
e - Mephitic Cloud        Conj/Pois/Air  #.......     50%         3    ###....

Your spell library contained the following spells:

 Spells                   Type           Power        Failure   Level  Hunger
 Slow                     Hex            #.......     34%         2    #......


Dungeon Overview and Level Annotations

Branches:
Dungeon (5/15)             Temple (1/1) D:5

Altars:
Dithmenos
Sif Muna
Vehumet


Innate Abilities, Weirdness & Mutations

You cannot wear most types of armour.
You are very stealthy in the water. (Stealth+)
You are amphibious.
You can wear up to eight rings at the same time.
You can use your tentacles to constrict eight enemies at once.
Your skin changes colour to match your surroundings (Stealth+).
Your rubbery body absorbs attacks. (AC +1, EV +1)


Message History

You are feeling very hungry.
Casting: Blink (safe; 21% risk of failure)
Confirm with . or Enter, or press ? or * to list all spells.
You miscast Blink.
You are very lightly contaminated with residual magic.
The floor and the ceiling briefly switch places.
The hornet zombie hits you.
* * * LOW HITPOINT WARNING * * *
Casting: Blink (safe; 21% risk of failure)
Confirm with . or Enter, or press ? or * to list all spells.
Okay, then.
Unknown command.
Unknown command.
Okay, then.
Okay, then.
It was a potion of degeneration.
There was something very wrong with that liquid.
You feel weakened.
You feel dopey.
You feel clumsy. The hornet zombie hits you.
You die...

........#
........#
###.......#
#.........##
#.#...#.....
#%.#.#...$#
#...>.....#
#..#Z#....#
#.#@..#...#
#.........#
#..#.#######
.......
########


You could see a hornet zombie.

Vanquished Creatures
  An adder (D:2)
  2 dart slugs (D:1)
  2 leopard geckos (D:2)
  10 bats
  6 giant cockroaches
  3 goblins
  6 hobgoblins (D:1)
  A jackal (D:1)
  5 kobolds
  2 quokkas (D:2)
  5 frilled lizards (D:2)
  5 rats
48 creatures vanquished.

Notes
Turn   | Place    | Note
-------+----------+-------------------------------------------
     0 | D:1      | Conn the Octopode Wizard began the quest for the Orb.
     0 | D:1      | Reached XP level 1. HP: 11/11 MP: 4/4
    81 | D:1      | Reached XP level 2. HP: 14/17 MP: 0/6
   194 | D:1      | Learned a level 2 spell: Blink
   197 | D:1      | Learned a level 2 spell: Call Imp
   324 | D:1      | Reached XP level 3. HP: 14/21 MP: 8/8
   628 | D:1      | Reached skill level 4 in Spellcasting
  1445 | D:2      | Reached XP level 4. HP: 27/27 MP: 10/10
  1830 | D:3      | You fall into a shaft and drop 2 floors!
  1830 | D:5      | Entered Level 5 of the Dungeon
  1830 | D:5      | Found a staircase to the Ecumenical Temple.
  1834 | Temple   | Entered the Ecumenical Temple
  1857 | Temple   | Became a worshipper of Sif Muna the Loreminder
  1874 | Temple   | Learned a level 3 spell: Conjure Flame
  1878 | Temple   | Learned a level 3 spell: Mephitic Cloud
  1882 | D:5      | Slain by a hornet zombie

Levels and vault maps discovered:
D:1:      tarquinn_simple_flora_water_d, layout_rooms, minmay_tetromino_o4
D:2:      layout_loops_ring
D:3:      layout_basic, minmay_misc_feat_x, fedhas_altar_1, uniq_sigmund
D:5:      layout_basic, bloody_trog, nicolae_overflow_crystal_walls,
          minmay_temple_entry_crystal_x, serial_shops, shop, first_ration,
          grunt_ministairs_6, minivault_11, uniq_eustachio
Temple:   nicolae_temple_figure_zero

Skill      XL: |  1  2  3 |
---------------+----------+-----
Spellcasting   | 4 |  4.4
Fighting       | |  0.1
Short Blades   | |  0.1
Dodging        | |  2.0
Stealth        | |  2.6
Shields        | |  0.1
Conjurations   | |  1.2
Summonings     | |  1.0
Translocations | |  1.0

Action                   |  1- 3 |  4- 6 || total
-------------------------+-------+-------++-------
Melee: Dagger            |    91 |     2 ||    93
       Constrict         |    21 |       ||    21
       Tentacles         |     9 |       ||     9
 Cast: Magic Dart        |    17 |       ||    17
       Blink             |       |     1 ||     1
  Use: Scroll            |     5 |     1 ||     6
       Potion            |       |     1 ||     1
 Stab: Sleeping          |    10 |       ||    10
  Eat: Chunk             |     2 |       ||     2
Armor: Skin              |    14 |       ||    14
Dodge: Dodged            |    61 |     1 ||    62
Block: Buckler           |     9 |       ||     9

Table legend:
 A = Non-vault XP
 B = Vault XP
 C = Vault XP percentage of total XP
 D = Non-vault monster count
 E = Vault monster count
 F = Vault count percentage of total count
                 A         B        C        D         E       F
            +---------+---------+-------+---------+---------+-------
      Total |      89 |       6 |   6.3 |      45 |       3 |   6.2
            +---------+---------+-------+---------+---------+-------
        D:1 |      39 |       6 |  13.3 |      21 |       3 |  12.5
        D:2 |      48 |       0 |   0.0 |      23 |       0 |   0.0
        D:3 |       2 |       0 |   0.0 |       1 |       0 |   0.0
            +---------+---------+-------+---------+---------+-------
